AoeStats
← [B]Dr. Catanabico

Arabia

508451763Analyzed
2v2 RM · 10d ago on Sep 22, 2026· 47m 25s· 4 players
Game mode
Random Map
Map size
Medium (4 player)
Population
200
Speed
Normal
Resources
Standard
Victory
Conquest
Starting age
Dark Age
Ending age
Imperial Age
RankedLock teamsTeams togetherTeam positionsShared explorationLock speedFull tech treeHidden civsTurbo modeCheats
Victory
Defeat
🇹🇭 Franks · Thailand
1038
+19
🇹🇭 Muisca · Thailand
1014
+20
🇲🇽 Saracens · Mexico
1172
-22
🇲🇽 Ethiopians · Mexico
1033
-17
SB 射後不理
5:23 Loom
8:42 Feudal Age
11:50 Double-Bit Axe
12:30 Scale Barding Armor
18:28 Wheelbarrow
18:45 Fletching
22:20 Castle Age
22:12 Arson
22:24 Crossbowman
24:48 Chain Barding Armor
25:59 Husbandry
28:58 Pikeman
37:16 Imperial Age
35:39 Squires
37:35 Halberdier
38:48 Murder Holes
39:09 Cavalier
41:55 Plate Barding Armor
41:36 Scale Mail Armor
42:26 Hand Cart
42:49 Conscription
43:40 Chemistry
44:50 Chain Mail Armor
44:46 Forging
47:12 Iron Casting
46:33 Bodkin Arrow
SB Tukkae
6:55 Loom
10:36 Feudal Age
11:12 Double-Bit Axe
13:02 Horse Collar
13:49 Forging
21:07 Castle Age
20:43 Gold Mining
20:47 Champi Runner
21:29 Champi Warrior
22:19 Scale Mail Armor
22:42 Bow Saw
23:14 Heavy Plow
25:34 Chain Mail Armor
28:20 Wheelbarrow
28:51 Town Watch
29:05 Fletching
30:58 Stone Mining
31:30 Squires
34:09 Herbalism
37:47 Imperial Age
36:25 Iron Casting
36:57 Gold Shaft Mining
36:33 Bodkin Arrow
37:23 Hand Cart
39:38 Two-Man Saw
38:42 Elite Champi Warrior
41:00 Conscription
43:58 Plate Mail Armor
44:23 Bracer
45:37 Padded Archer Armor
46:11 Crop Rotation
[B]Dr. Catanabico
7:31 Loom
10:01 Feudal Age
15:07 Castle Age
15:42 Crossbowman
20:54 Fletching
23:36 Ballistics
23:13 Bodkin Arrow
27:31 Padded Archer Armor
33:44 Wheelbarrow
34:29 Leather Archer Armor
34:48 Thumb Ring
38:46 Hand Cart
41:48 Imperial Age
39:31 Gold Mining
40:41 Town Watch
41:51 Capped Ram
43:26 Arbalester
44:42 Town Patrol
45:20 Scale Mail Armor
45:21 Bracer
45:52 Halberdier
47:10 Chain Mail Armor
47:06 Forging
20ag
7:01 Loom
10:26 Feudal Age
14:15 Double-Bit Axe
18:18 Wheelbarrow
17:44 Fletching
21:53 Castle Age
20:03 Padded Archer Armor
21:06 Horse Collar
21:41 Scale Barding Armor
21:48 Forging
22:16 Bloodlines
23:10 Chain Barding Armor
23:00 Bodkin Arrow
23:38 Bow Saw
26:33 Husbandry
28:15 Iron Casting
29:19 Light Cavalry
33:11 Hand Cart
37:18 Murder Holes
43:03 Imperial Age
40:19 Town Watch
41:58 Ballistics
44:01 Hussar
44:25 Elite Mameluke
45:02 Hussar
Connection lost

Rejoining the realm…

Still unreachable

The connection could not be restored.

Session expired

The server has moved on; the page needs a fresh start.